 Dungeon Crawl Stone Soup version 0.30-a0-219-gf2db51d15e (webtiles) character file.

Game seed: 15509567713332564810

7 Decritt the Sneak (level 1, 6/9 HPs)
             Began as a Spriggan Enchanter on Oct 7, 2022.
             Quit the game on level 1 of the Dungeon.
             The game lasted 00:00:35 (221 turns).

Decritt the Sneak (Spriggan Enchanter)               Turns: 221, Time: 00:00:35

Health: 6/9        AC:  2    Str:  4    XL:     1   Next: 83%
Magic:  5/5        EV: 17    Int: 16    God:
Gold:   57         SH:  0    Dex: 15    Spells: 5/5 levels left

rFire   . . .      SeeInvis +    a - +1 dagger
rCold   . . .      Faith    .    (no shield)
rNeg    . . .      Spirit   .    b - +0 robe
rPois   .          Reflect  .    (helmet restricted)
rElec   .          Harm     .    (no cloak)
rCorr   .          Rampage  .    (gloves unavailable)
Will    .....                    (boots unavailable)
Stlth   +++.......               (no amulet)
HPRegen 0.21/turn                (no ring)
MPRegen 0.09/turn                (no ring)

@: very quick
A: very small, no large weapons, unfitting armour, see invisible, speed 3
a: no special abilities


You were on level 1 of the Dungeon.
You visited 1 branch of the dungeon, and saw 1 of its levels.

You collected 57 gold pieces.

Inventory:

Hand Weapons
 a - a +1 dagger (weapon)
Armour
 b - a +0 robe (worn)
Potions
 c - 2 potions of invisibility
 d - a potion of resistance {unknown}


   Skills:
 + Level 1.3 Short Blades
 + Level 2.9 Dodging
 + Level 4.6 Stealth
 + Level 2.8 Spellcasting
 + Level 3.7 Hexes


You had 5 spell levels left.
You didn't know any spells.
Your spell library contained the following spells:

 Spells                   Type           Power      Damage    Failure   Level
 Confusing Touch          Hex            14%        N/A       12%         3
 Tukima's Dance           Hex            14%        N/A       12%         3
 Ensorcelled Hibernation  Hex/Ice        16%        N/A       13%         2
 Dazzling Flash           Conj/Hex       16%        N/A       26%         3


Dungeon Overview and Level Annotations

Branches:
Dungeon (1/15)

Altars:


Innate Abilities, Weirdness & Mutations

You are very small and have problems with some larger weapons.
You are too small for most types of armour.
You have supernaturally acute eyesight. (SInv)
You cover ground extremely quickly. (Speed+++)


Message History

You hit the rat.
You kill the rat!
No target in view!
No target in view!
You see here a rat corpse.
Found a deep dwarf skeleton.
You now have 40 gold pieces (gained 12).
You now have 57 gold pieces (gained 17).
You see here a rat corpse.
Found 3 stones.
You see here 3 stones.
A rat comes into view.
A rat is nearby!
The rat completely misses you.
You hit the rat.
You kill the rat!
No target in view!
No target in view!
A quokka comes into view.
Found a stone staircase leading down.
A frilled lizard and a kobold come into view.
A kobold comes into view. It is wielding a +0 whip.
The kobold shouts! x2; The frilled lizard hisses angrily.
A ball python comes into view.
The kobold throws a stone.
The stone closely misses you.
The ball python hisses angrily.
The quokka barely misses you.
You hit the quokka.
The quokka is heavily wounded.
The kobold throws a stone.
The stone barely misses you. The quokka misses you.
You hit the quokka.
You kill the quokka!
The kobold hits you but does no damage.
The kobold throws a stone.
The stone misses you.
You closely miss the kobold. The kobold hits you with a +0 dagger.
You hit the kobold but do no damage. The kobold hits you with a +0 dagger.
* * * LOW HITPOINT WARNING * * *
Found a scroll labelled BOIMIQUIMI.
A kobold comes into view. It is wielding a +0 club.
Are you sure you want to abandon this character and quit the game? (Confirm with "yes".)

........##....#####
....†..l..........#
.......S##l######.#
........##.# .# ####
........##K# .# #..÷
........##.# .# #...
........##.# .# .# #.##
........##K######?#...##
#.##
.....####>......@.....K.
#... ###########...##
#... ... #### .


You could see 2 kobolds.

Vanquished Creatures
  A dart slug (D:1)
  A quokka (D:1)
  2 kobolds (D:1)
  2 rats (D:1)
6 creatures vanquished.

Notes
Turn   | Place    | Note
-------+----------+-------------------------------------------
     0 | D:1      | Decritt the Spriggan Enchanter began the quest for the Orb.
     0 | D:1      | Reached XP level 1. HP: 9/9 MP: 5/5
   221 | D:1      | Quit the game

Illustrated notes

Levels and vault maps discovered:
D:1:      amcnicky_arrival_wind_blow, layout_basic

Action                   || total
-------------------------++-------
Melee: Dagger            ||    18
 Stab: Sleeping          ||     2
Armor: Robe              ||     1
Dodge: Dodged            ||    12

Table legend: (Time is in decaauts)
 A = Elapsed time spent in this place.
 B = Non-inter-level travel time spent in this place.
 C = Inter-level travel time spent in this place.
 D = Time resting spent in this place.
 E = Time spent auto-exploring this place.
 F = Levels seen in this place.
 G = Mean time per level.
                   A        B        C        D        E       F      G
               +--------+--------+--------+--------+--------+-----+--------+
         Total |    153 |    153 |      0 |      0 |    106 |   1 |  153.0 |
       Dungeon |    153 |    153 |      0 |      0 |    106 |   1 |  153.0 |
               +--------+--------+--------+--------+--------+-----+--------+

Top non-repeatable levels by time:
     D:1: 153 daAuts
